 Dungeon Crawl Stone Soup version 0.18-a0-1343-g48c8f86 (webtiles) character file.

18 ololoev the Firebug (level 2, -1/15 HPs)
             Began as a Deep Elf Fire Elementalist on Feb 16, 2016.
             Slain by an adder (5 damage)
             ... on level 3 of the Dungeon.
             The game lasted 00:01:38 (118 turns).

ololoev the Firebug (Deep Elf Fire Elementalist)     Turns: 118, Time: 00:01:39

Health: -1/15      AC:  2    Str:  5    XL:     2   Next: 48%
Magic:  0/8        EV: 13    Int: 19    God:
Gold:   2          SH:  0    Dex: 15    Spells: 1 memorised, 6 levels left

rFire  . . .     SeeInvis .     d - +0 spear
rCold  . . .     Gourm    .     a - +0 robe
rNeg   . . .     Faith    .     (no shield)
rPois  .         Spirit   .     (no helmet)
rElec  .         Dismiss  .     (no cloak)
rCorr  .         Reflect  .     (no gloves)
SustAt .         Harm     .     (no boots)
MR     .....                    (no amulet)
Stlth  ++........               (no ring)
                                (no ring)

@: very slightly contaminated, not resistant to hostile enchantments, unstealthy
A: no striking features
a: no special abilities

Inventory:

Hand Weapons
 d - a +0 spear (weapon)
Armour
 a - a +0 robe (worn)
Scrolls
 f - 2 scrolls of identify {unknown}
Potions
 e - 2 potions of heal wounds {unknown}
Books
 b - a book of Flames

   Spells                             Type                      Level
   a - Flame Tongue                   Conjuration/Fire             1
   b - Throw Flame                    Conjuration/Fire             2
   c - Conjure Flame                  Conjuration/Fire             3
   d - Inner Flame                    Hexes/Fire                   3
   e - Sticky Flame                   Conjuration/Fire             4
   f - Fireball                       Conjuration/Fire             5
Comestibles
 c - a bread ration


   Skills:
 - Level 2.4 Dodging
 - Level 2.4 Stealth
 + Level 3.1 Spellcasting
 * Level 2.2 Conjurations
 + Level 3.5 Fire Magic


You had 6 spell levels left.
You knew the following spells:

 Your Spells              Type           Power        Failure   Level  Hunger
a - Flame Tongue          Conj/Fire      ##...        6%          1    None


You were on level 3 of the Dungeon.
You were not hungry.

You visited 1 branch of the dungeon, and saw 4 of its levels.

You collected 2 gold pieces.

#.[########...#####.#
##........#
#.#......#
#.#...##.... ..##.##
## #####># #†#
#####.### #....@..#
#.##.S.....#
#..#.##.# ...#.# #
#.!.?.. #.#.# ##
#.#.# ....#

Notes
Turn   | Place    | Note
--------------------------------------------------------------
     0 | D:1      | ololoev the Deep Elf Fire Elementalist began the quest for the Orb.
     0 | D:1      | Reached XP level 1. HP: 10/10 MP: 6/6
    72 | D:2      | Reached XP level 2. HP: 4/15 MP: 2/8
   118 | D:3      | Slain by an adder

Dungeon Overview and Level Annotations

Branches:
Dungeon (4/15)
 Temple: D:4-7

Altars:


Message History

The adder is severely wounded.
The adder closely misses you.
Attack whom?
Press: ? - help, Dir - move target cursor, f/p - adder
Aim: an adder (severely wounded)
You closely miss the adder.
The adder is severely wounded.
The adder closely misses you.
Attack whom?
Press: ? - help, Dir - move target cursor, f/p - adder
Aim: an adder (severely wounded)
You barely miss the adder.
The adder is severely wounded.
The adder closely misses you.
Attack whom?
Press: ? - help, Dir - move target cursor, f/p - adder
Aim: an adder (heavily wounded)
You closely miss the adder.
The adder is heavily wounded.
The adder bites you. The adder barely misses you.
Attack whom?
Press: ? - help, Dir - move target cursor, f/p - adder
Aim: an adder (heavily wounded)
Okay, then.
Casting: Flame Tongue
Confirm with . or Enter, or press ? or * to list all spells.
Aiming: Flame Tongue
Press: ? - help, Shift-Dir - straight line, f/p - adder
Aim: an adder (heavily wounded)
You miscast Flame Tongue.
You are very lightly contaminated with residual magic.
You have a brief vision of globes of primordial fire.
The adder closely misses you.
Attack whom?
Press: ? - help, Dir - move target cursor, f/p - adder
Aim: an adder (heavily wounded)
You barely miss the adder.
The adder is heavily wounded.
The adder bites you.
You die...

You could see an adder.

Vanquished Creatures
  An adder (D:2)
  An orc (D:4)
  A bat (D:3)
  A hobgoblin (D:3)
  2 goblins
  A kobold (D:1)
  2 rats (D:1)
9 creatures vanquished.

Action                   || total
-------------------------++-------
Melee: Spear             ||    10
 Cast: Flame Tongue      ||    15

Vault maps used:
D:1:      matt_arrival_spirals
D:2:      uniq_sigmund
D:3:      overflow_temple_1_default
D:4:      fedhas_altar_3, minmay_misc_feat_hallway, uniq_robin, uniq_natasha
